 Dungeon Crawl Stone Soup version 0.27.1-1-g398f81649c (webtiles) character file.

Game seed: 3835472974804428781

53 Woods the Cudgeller (level 3, -4/29 HPs)
             Began as a Demonspawn Abyssal Knight on Sept 18, 2021.
             Was a Believer of Lugonu.
             Slain by Crazy Yiuf (9 damage)
             ... on level 2 of the Dungeon.
             The game lasted 00:02:39 (2256 turns).

Woods the Cudgeller (Demonspawn Abyssal Knight)     Turns: 2256, Time: 00:02:39

Health: -4/29      AC:  8    Str: 13    XL:     3   Next: 64%
Magic:  4/4        EV:  9    Int: 13    God:    Lugonu [**....]
Gold:   113        SH:  0    Dex: 12    Spells: 2/2 levels left

rFire    . . .     SeeInvis .   a - +1 mace
rCold    . . .     Faith    .   (no shield)
rNeg     . . .     Spirit   .   d - +0 scale mail
rPois    .         Reflect  .   (no helmet)
rElec    .         Harm     .   (no cloak)
rCorr    .         Rampage  .   (no gloves)
Will     .....                  (no boots)
Stlth    ..........             (no amulet)
HPRegen  0.09/turn              (no ring)
MPRegen  0.09/turn              (no ring)

@: confused, ambrosia-drunk, hasted, very quick
A: hooves 1, thin metallic scales 1
a: Renounce Religion, Depart the Abyss, Bend Space


You were on level 2 of the Dungeon.
You worshipped Lugonu.
Lugonu was pleased with you.
You visited 1 branch of the dungeon, and saw 2 of its levels.
You visited the Abyss 1 time.

You collected 113 gold pieces.

Inventory:

Hand Weapons
 a - a +1 mace (weapon)
Missiles
 c - 6 atropa-tipped darts
Armour
 b - a +0 leather armour
 d - a +0 scale mail (worn)
 j - a +0 chain mail
Scrolls
 e - a scroll of teleportation {unknown}
 f - a scroll of summoning {unknown}
 g - a scroll of holy word {unknown}
 k - a scroll of identify {unknown}


   Skills:
 - Level 3.0 Fighting
 + Level 3.7 Maces & Flails
 - Level 1.7 Armour
 - Level 0.8 Dodging
 - Level 2.4 Invocations


You had 2 spell levels left.
You didn't know any spells.
Your spell library contained the following spells:

 Spells                   Type           Power      Damage    Failure   Level
 Animate Skeleton         Necr           0%         N/A       82%         1
 Apportation              Tloc           0%         N/A       82%         1
 Corona                   Hex            0%         N/A       82%         1
 Summon Small Mammal      Summ           0%         N/A       82%         1


Dungeon Overview and Level Annotations

Branches:
Dungeon (2/15)

Altars:

Annotations:
D:2 Crazy Yiuf


Innate Abilities, Weirdness & Mutations

You have large cloven feet.
You are partially covered in thin metallic scales. (AC +2)


Message History

You sock the endoplasm!
You kill the endoplasm!
Lugonu accepts your kill.
No target in view!
There is an escape hatch in the floor here.
There is an open door here.
There is an open door here.
There is an open door here.
There is an open door here.
As you open the door, it creaks loudly!
There is an open door here.
Key pressed, stopping explore.
Crazy Yiuf shouts!
Could not explore, unopened runed door.
Could not explore, unopened runed door.
You open the door. You closely miss Crazy Yiuf.
Crazy Yiuf hits you with a +4 quarterstaff of chaos!
You are poisoned.
You barely miss Crazy Yiuf. You kick Crazy Yiuf, but do no damage.
You feel very sick.
Crazy Yiuf hits you with a +4 quarterstaff of chaos!
* * * LOW HITPOINT WARNING * * *
* * * LOW HITPOINT WARNING * * *
You feel sick.
* * * LOW HITPOINT WARNING * * *
You feel sick.
It was a potion of haste.
You feel yourself speed up.
* * * LOW HITPOINT WARNING * * *
You feel sick. Crazy Yiuf barely misses you.
* * * LOW HITPOINT WARNING * * *
You feel sick.
Crazy Yiuf says, "Buddy!"
It was a potion of ambrosia.
You are confused.
You feel invigorated.
You feel sick.
You bump into the rock wall.
You feel sick.
You are no longer poisoned.
Crazy Yiuf hits you with a +4 quarterstaff of chaos!
You die...

#.#.# #.....#.#
..#.###....)#.#
###.........###
#.###.....# #.#
#.....# #.#
###..##### ###
#.# ##.....#
###..)# #.#
#.....#####.'...#
#.#
##.....@#..##...#
#.# ##....#g###
### #.# ########
#.# #.# #.# #.#
#.# #.#


You could see Crazy Yiuf.

Vanquished Creatures
  An adder (D:2)
  2 dart slugs (D:1)
  4 bats
  5 endoplasms
  3 giant cockroaches (D:1)
  5 goblins
  3 hobgoblins (D:2)
  A quokka (D:1)
  4 ball pythons
  A frilled lizard (D:1)
  5 kobolds
  4 rats
38 creatures vanquished.

Vanquished Creatures (others)
  3 plants (D:1)
3 creatures vanquished.

Grand Total: 41 creatures vanquished

Notes
Turn   | Place    | Note
-------+----------+-------------------------------------------
     0 | Abyss:1  | Woods the Demonspawn Abyssal Knight began the quest for the
                  | Orb.
     0 | Abyss:1  | Reached XP level 1. HP: 18/18 MP: 2/2
    15 | D:1      | Escaped the Abyss
   436 | D:1      | Found a faded altar of an unknown god.
   491 | D:1      | Gained mutation: You are partially covered in thin metallic
                  | scales. (AC +2) [demonic ancestry]
   491 | D:1      | Reached XP level 2. HP: 22/24 MP: 3/3
  1137 | D:2      | Gained mutation: You have large cloven feet. [demonic
                  | ancestry]
  1137 | D:2      | Reached XP level 3. HP: 17/29 MP: 4/4
  1559 | D:2      | Reached ** piety under Lugonu
  1604 | D:2      | Found a runed translucent door.
  1605 | D:2      | Noticed Crazy Yiuf
  2256 | D:2      | Slain by Crazy Yiuf

Illustrated notes

Levels and vault maps discovered:
D:1:      dpeg_arrival_tiny_c, layout_rooms,
          shapermc_ecumenical_altar_mp_ritualfount
D:2:      minmay_door_path, layout_basic, minmay_split_cup_small,
          uniq_crazy_yiuf_cottage

Skill      XL: |  1  2 |
---------------+-------+-----
Maces & Flails | 2 3 |  3.7
Fighting       | |  3.0
Armour         | |  1.7
Dodging        | |  0.8
Invocations    | |  2.4

Action                   || total
-------------------------++-------
Melee: Mace              ||   111
       Kick              ||     4
  Use: Potion            ||     2
Armor: Leather armour    ||    11
       Scale mail        ||    58
Dodge: Dodged            ||    58
